 Dungeon Crawl Stone Soup version 0.30.0-20-g3615ddf2f0 (webtiles) character file.

Game seed: 710798133347160861

6473 qw the Cleaver (level 11, -4/71 HPs)
             Began as a Gargoyle Fighter on May 31, 2023.
             Was a Believer of Okawaru.
             Slain by a wraith (9 damage)
             ... on level 9 of the Dungeon.
             The game lasted 00:04:37 (7606 turns).

qw the Cleaver (Gargoyle Fighter)                   Turns: 7606, Time: 00:04:38

Health: -4/71      AC:  7    Str: 23    XL:     11   Next: 0%
Magic:  14/14      EV:  8    Int: 10    God:    Okawaru [**....]
Gold:   366        SH: 11    Dex:  9    Spells: 10/10 levels left

rFire   . . .        Y - +0 war axe (venom)
rCold   . . .        c - +0 buckler
rNeg    + . .        p - +0 plate armour
rPois   inf          a - +0 helmet
rElec   +            h - +0 cloak
rCorr   .            (no gloves)
SInv    .            (no boots)
Will    +....        g - amulet of reflection Stlth
                     j - ring of willpower
HPRegen 0.31/turn    (no ring)
MPRegen 0.14/turn

%: reflection
@: heroic, corroded, slowed, very slow
A: sickness immunity, AC +8, negative energy resistance 1, electricity
resistance, torment resistance 1, petrification resistance
a: Renounce Religion, Heroism


You were on level 9 of the Dungeon.
You worshipped Okawaru.
Okawaru was pleased with you.
You visited 2 branches of the dungeon, and saw 10 of its levels.

You collected 555 gold pieces.
You spent 189 gold pieces at shops.


Innate Abilities, Weirdness & Mutations

You are immune to sickness and miasma.
Your stone body is resilient. (AC +8)
You are immune to poison.
You resist negative energy. (rN+)
You are resistant to electric shocks. (rElec)
You are resistant to unholy torment.
You are immune to petrification.


   Skills:
 - Level 9.0(14.0) Fighting
 - Level 11.0(16.0) Axes
 + Level 7.9(12.9) Armour
 - Level 1.0(6.0) Dodging
 - Level 5.0(10.0) Shields
 - Level 4.0 Invocations


You had 10 spell levels left.
You didn't know any spells.
Your spell library was empty.

Inventory:

Hand Weapons
 u - a +3 morningstar of holy wrath
 Y - a +0 war axe of venom (weapon)
Armour
 a - a +0 helmet (worn)
 c - a +0 buckler (worn)
 h - a +0 cloak (worn)
 p - a +0 plate armour (worn)
Jewellery
 g - an amulet of reflection (around neck)
 j - a ring of willpower (left hand)
Scrolls
 n - a scroll of identify
Potions
 b - 3 potions of curing
 d - a potion of might
 e - 2 potions of mutation
 f - a potion of haste
 i - 2 potions of lignification
 m - a potion of resistance
 q - a potion of magic
 r - a potion of attraction

Dungeon Overview and Level Annotations

Branches:
Dungeon (9/15)             Temple (1/1) D:6
   Lair: D:8-11         Orc: D:9-12

Altars:
Ashenzari
Cheibriados
Dithmenos
Elyvilon
Fedhas
Gozag
Hepliaklqana
Kikubaaqudgha
Makhleb
Nemelex Xobeh
Okawaru
Qazlal
Ru
Sif Muna
Trog
Uskayaw
Vehumet
Wu Jian
Xom
Yredelemnul
Zin
The Shining One

Shops:
D:1 ?   D:5 *[

Annotations:
D:3 2 transporters, 1 runed translucent door, Crazy Yiuf


Message History

Something hits you!
Deactivating autopickup; reactivate with Ctrl-A.
You block something's attack. The wraith hits you but does no damage.
Autopickup is now on.
You hit the wraith.
The wraith is moderately damaged.
You closely miss something. The wraith hits you. You block something's attack.
Deactivating autopickup; reactivate with Ctrl-A.
Something bites you!
Autopickup is now on.
7601 ||| DRINKING 3 potions of heal wounds.
You feel much better. The wraith completely misses you. Something hits you!
Deactivating autopickup; reactivate with Ctrl-A.
Something bites you.
7602 ||| DRINKING 2 potions of heal wounds.
You feel much better. You block the wraith's attack. Something hits you.
Something bites you.
You completely miss the wraith.
The wraith is moderately damaged.
You hit something. You closely miss the wraith.
The wraith is moderately damaged.
You slash something! Something hits you!
Something bites you but does no damage. The wraith hits you!
The wraith drains your vigour!
You feel yourself slow down.
7605 ||| DRINKING potion of heal wounds.
You feel much better. You block something's attack.
Something bites you but does no damage. The wraith hits you!
The wraith drains your vigour!
You feel as though you will be slow longer.
Something hits you. Something bites you. The wraith hits you.
The wraith drains your vigour!
You feel as though you will be slow longer.
You closely miss the wraith.
The wraith is moderately damaged.
You hit something but do no damage. The wraith hits you!
You die...

##### ####
##### .....
##..#+ #@:[#
#...%##{.W..#
#....)[......#
###
##..##...8...#
%.#
##'##.......+
#.#
##..##.....##
#.#
#....##//$##+#
#.#
#...)'#####..##
#.#
##..##..##....#


You could see a wraith.

Vanquished Creatures
  Pikel (D:5)
  A kobold demonologist (D:9)
  2 hornets
  Grinder (D:3)
  Sigmund (D:5)
  3 wyverns
  A yak (D:8)
  An acid dragon (D:9)
  A water moccasin (D:7)
  Pargi (D:4)
  6 sky beasts
  An ice beast (D:8)
  A black bear (D:5)
  2 ogres
  A wolf (D:5)
  2 centaurs
  4 lemures (D:5)
  A kobold brigand (D:8)
  3 bullfrogs
  5 gnoll sergeants
  14 wights
  5 killer bees (D:9)
  7 howler monkeys
  7 hounds
  2 orc priests
  A sleepcap (D:5)
  3 jellies
  3 gnoll boudas
  Jessica (D:3)
  4 iguanas
  2 orc wizards
  Robin (D:3)
  7 adders
  30 gnolls
  3 white imps
  An ufetubus (D:5)
  A worm (D:2)
  A dart slug (D:3)
  19 orcs
  7 bats
  8 endoplasms
  3 giant cockroaches
  20 goblins
  16 hobgoblins
  A jackal (D:5)
  7 quokkas
  3 ball pythons
  3 frilled lizards
  10 kobolds
  7 rats
236 creatures vanquished.

Notes
Turn   | Place    | Note
-------+----------+-------------------------------------------
     0 | D:1      | qw the Gargoyle Fighter began the quest for the Orb.
     0 | D:1      | Reached XP level 1. HP: 14/14 MP: 1/1
     0 | D:1      | 0 ||| qw: Version: 0.2-a-102-gfc559e5
     0 | D:1      | 0 ||| qw: Game counter: 533
     0 | D:1      | 0 ||| qw: Always use a shield: true
     0 | D:1      | 0 ||| qw: God list: Okawaru
     0 | D:1      | 0 ||| qw: Allow faded altars: false
     0 | D:1      | 0 ||| qw: Do Orc after D:15 true
     0 | D:1      | 0 ||| qw: Do second Lair branch before Depths: true
     0 | D:1      | 0 ||| qw: Lair rune preference: random
     0 | D:1      | 0 ||| qw: Plans: Normal, Zot:1-4, Slime:5, God:TSO, Crypt,
                  | Tomb, Pan, Hells, Abyss, Win
     0 | D:1      | 0 ||| PLANNING D:1-11
    52 | D:1      | Reached skill level 2 in Axes
   105 | D:1      | Reached XP level 2. HP: 19/19 MP: 2/2
   129 | D:1      | 129 ||| Stepping ~*~*~tactically~*~*~ (stealth).
   165 | D:1      | 165 ||| Stepping ~*~*~tactically~*~*~ (stealth).
   339 | D:1      | Reached skill level 3 in Axes
   381 | D:1      | Reached XP level 3. HP: 23/23 MP: 3/3
   388 | D:1      | 388 ||| Stepping ~*~*~tactically~*~*~ (hiding).
   613 | D:1      | Found Kaopp's Magic Scroll Emporium.
   619 | D:1      | 619 ||| SHOPLISTING scroll of enchant armour (82 gold, have
                  | 70).
   619 | D:1      | 619 ||| BUYING scroll of identify (22 gold).
   619 | D:1      | Bought a scroll of identify for 22 gold pieces
   619 | D:1      | 619 ||| BUYING scroll of identify (22 gold).
   619 | D:1      | Bought a scroll of identify for 22 gold pieces
   737 | D:1      | 737 ||| READING scroll labelled JOTSIO XOGE.
   738 | D:1      | 738 ||| READING scroll labelled OLIODGH HAMY.
   739 | D:1      | 739 ||| READING scroll labelled ALU BIODENOU.
   740 | D:1      | 740 ||| READING scroll labelled BIHIPNOCZA.
   741 | D:1      | 741 ||| READING scroll labelled DOUTUR DYMOU.
   742 | D:1      | 742 ||| READING 2 scrolls of identify.
   742 | D:1      | 742 ||| IDENTIFYING sapphire potion
   743 | D:1      | 743 ||| DROPPING potion of degeneration.
   778 | D:2      | 778 ||| Stepping ~*~*~tactically~*~*~ (stealth).
   787 | D:2      | 787 ||| STAIRDANCE
   799 | D:2      | 799 ||| STAIRDANCE
  1214 | D:2      | 1214 ||| DROPPING +0 club.
  1282 | D:2      | Reached XP level 4. HP: 28/28 MP: 4/4
  1574 | D:2      | Reached skill level 4 in Axes
  1676 | D:2      | 1676 ||| UPGRADING to +0 cloak.
  1681 | D:2      | 1681 ||| UPGRADING to amulet of reflection.
  1686 | D:2      | 1686 ||| DROPPING ring of wizardry.
  1687 | D:2      | 1687 ||| READING scroll labelled HAXZEL TEANI.
  1688 | D:2      | 1688 ||| READING 2 scrolls of identify.
  1688 | D:2      | 1688 ||| IDENTIFYING puce potion
  1689 | D:2      | 1689 ||| DROPPING potion of invisibility.
  1807 | D:3      | Reached XP level 5. HP: 32/32 MP: 5/5
  1824 | D:3      | Found a transporter.
  1827 | D:3      | 1827 ||| READING 3 scrolls of identify.
  1827 | D:3      | 1827 ||| IDENTIFYING orange potion
  1844 | D:3      | Noticed Grinder
  1858 | D:3      | Paralysed by Grinder for 2 turns
  1864 | D:3      | Killed Grinder
  1865 | D:3      | Reached skill level 5 in Axes
  1865 | D:3      | Reached XP level 6. HP: 30/37 MP: 6/6
  1904 | D:3      | 1904 ||| Stepping ~*~*~tactically~*~*~ (stealth).
  1906 | D:3      | 1906 ||| Stepping ~*~*~tactically~*~*~ (hiding).
  1917 | D:3      | Noticed Robin
  1927 | D:3      | Killed Robin
  1937 | D:3      | Found a transporter.
  1954 | D:3      | Noticed Jessica
  1962 | D:3      | Killed Jessica
  2013 | D:3      | Found a glowing silver altar of Zin.
  2013 | D:3      | Found a shadowy altar of Dithmenos.
  2173 | D:3      | Found a runed translucent door.
  2174 | D:3      | Noticed Crazy Yiuf
  2175 | D:3      | Identified the +5 hammer "Beetle's Regret" {distort, rN+}
  2177 | D:3      | 2177 ||| DROPPING +5 hammer "Beetle's Regret" {distort,
                  | rN+}.
  2179 | D:3      | 2179 ||| UPGRADING to +0 helmet.
  2184 | D:3      | 2184 ||| DRINKING 2 murky cyan potions.
  2210 | D:3      | 2210 ||| READING 3 scrolls of identify.
  2210 | D:3      | 2210 ||| IDENTIFYING silvery potion
  2211 | D:3      | 2211 ||| READING 2 scrolls of identify.
  2211 | D:3      | 2211 ||| IDENTIFYING pink potion
  2212 | D:3      | 2212 ||| DROPPING potion of brilliance.
  2368 | D:4      | Found an ancient bone altar of Kikubaaqudgha.
  2375 | D:4      | Found an opulent altar of Gozag.
  2415 | D:4      | Found a blossoming altar of Fedhas.
  2429 | D:4      | Reached skill level 1 in Dodging
  2759 | D:4      | Reached skill level 6 in Axes
  2860 | D:4      | Reached XP level 7. HP: 43/43 MP: 7/7
  3011 | D:4      | Noticed Pargi
  3027 | D:4      | Killed Pargi
  3233 | D:4      | Found a broken altar of Ashenzari.
  3235 | D:4      | Found a glowing golden altar of the Shining One.
  3271 | D:4      | Reached skill level 7 in Axes
  3350 | D:4      | 3350 ||| UPGRADING to +0 chain mail.
  3360 | D:4      | 3360 ||| DROPPING +0 scale mail.
  3361 | D:4      | 3361 ||| DROPPING ring of magical power.
  3362 | D:4      | 3362 ||| READING scroll labelled DUMIAS DUYT.
  3365 | D:4      | 3365 ||| READING scroll labelled YLELE PUOCIUCE.
  3393 | D:5      | Entered Level 5 of the Dungeon
  3594 | D:5      | Reached XP level 8. HP: 35/50 MP: 8/8
  3825 | D:5      | Reached skill level 8 in Axes
  3900 | D:5      | 3900 ||| Stepping ~*~*~tactically~*~*~ (hiding).
  3975 | D:5      | Found Cuxy's Assorted Antiques.
  3981 | D:5      | 3981 ||| BUYING 2 dark potions (45 gold).
  3981 | D:5      | Bought 2 dark potions for 45 gold pieces
  3981 | D:5      | 3981 ||| BUYING scroll labelled KATSIU ODDEDD (25 gold).
  3981 | D:5      | Bought a scroll labelled KATSIU ODDEDD for 25 gold pieces
  3981 | D:5      | 3981 ||| BUYING scroll labelled WETZEX UCKUF (25 gold).
  3981 | D:5      | Bought a scroll labelled WETZEX UCKUF for 25 gold pieces
  3981 | D:5      | 3981 ||| SHOPLISTING scroll of brand weapon (237 gold, have
                  | 162).
  3981 | D:5      | 3981 ||| BUYING scroll of identify (50 gold).
  3981 | D:5      | Bought a scroll of identify for 50 gold pieces
  3993 | D:5      | Found Ydepn's Antique Armour Shop.
  4065 | D:5      | 4065 ||| Stepping ~*~*~tactically~*~*~ (stealth).
  4066 | D:5      | 4066 ||| Stepping ~*~*~tactically~*~*~ (stealth).
  4075 | D:5      | Noticed Sigmund
  4076 | D:5      | 4076 ||| Stepping ~*~*~tactically~*~*~ (stealth).
  4077 | D:5      | 4077 ||| Stepping ~*~*~tactically~*~*~ (stealth).
  4082 | D:5      | 4082 ||| Stepping ~*~*~tactically~*~*~ (stealth).
  4106 | D:5      | Killed Sigmund
  4107 | D:5      | Reached skill level 6 in Fighting
  4141 | D:5      | 4141 ||| FLEEEEING.
  4142 | D:5      | 4142 ||| FLEEEEING.
  4143 | D:5      | 4143 ||| FLEEEEING.
  4144 | D:5      | 4144 ||| FLEEEEING.
  4145 | D:5      | 4145 ||| FLEEEEING.
  4146 | D:5      | 4146 ||| FLEEEEING.
  4149 | D:5      | 4149 ||| STAIRDANCE
  4190 | D:4      | 4190 ||| READING scroll labelled KATSIU ODDEDD.
  4191 | D:4      | 4191 ||| READING scroll labelled WETZEX UCKUF.
  4192 | D:4      | 4192 ||| DRINKING 3 dark potions.
  4193 | D:4      | 4193 ||| READING 3 scrolls of identify.
  4193 | D:4      | 4193 ||| IDENTIFYING fuming black potion
  4194 | D:4      | 4194 ||| READING 2 scrolls of identify.
  4194 | D:4      | 4194 ||| IDENTIFYING blue potion
  4195 | D:4      | 4195 ||| DROPPING potion of flight.
  4219 | D:5      | Noticed Pikel
  4234 | D:5      | Killed Pikel
  4235 | D:5      | Reached skill level 9 in Axes
  4235 | D:5      | Reached XP level 9. HP: 44/56 MP: 9/9
  4277 | D:5      | 4277 ||| DROPPING +0 whip.
  4319 | D:5      | 4319 ||| Stepping ~*~*~tactically~*~*~ (hiding).
  4320 | D:5      | 4320 ||| Stepping ~*~*~tactically~*~*~ (hiding).
  4539 | D:5      | 4539 ||| UPGRADING to ring of willpower.
  4604 | D:6      | 4604 ||| Stepping ~*~*~tactically~*~*~ (stealth).
  4757 | D:6      | Found a staircase to the Ecumenical Temple.
  4758 | D:6      | 4758 ||| PLANNING TEMPLE
  4758 | D:6      | 4758 ||| UPGRADING to +0 plate armour.
  4768 | D:6      | 4768 ||| DROPPING +0 chain mail.
  4793 | D:6      | 4793 ||| Stepping ~*~*~tactically~*~*~ (stealth).
  4801 | D:6      | 4801 ||| Stepping ~*~*~tactically~*~*~ (stealth).
  4802 | D:6      | 4802 ||| Stepping ~*~*~tactically~*~*~ (stealth).
  4804 | D:6      | 4804 ||| Stepping ~*~*~tactically~*~*~ (stealth).
  4833 | Temple   | Entered the Ecumenical Temple
  4834 | Temple   | 4834 ||| PLANNING OKAWARU WORSHIP
  4845 | Temple   | Became a worshipper of Warmaster Okawaru
  4845 | Temple   | 4845 ||| PLANNING D:1-11
  4861 | D:6      | 4861 ||| Stepping ~*~*~tactically~*~*~ (hiding).
  4862 | D:6      | 4862 ||| Stepping ~*~*~tactically~*~*~ (hiding).
  4863 | D:6      | 4863 ||| Stepping ~*~*~tactically~*~*~ (hiding).
  4882 | D:6      | 4882 ||| DROPPING +1 whip of freezing.
  5288 | D:6      | 5288 ||| READING 2 scrolls of identify.
  5288 | D:6      | 5288 ||| IDENTIFYING smoky black potion
  5307 | D:7      | 5307 ||| Stepping ~*~*~tactically~*~*~ (hiding).
  5313 | D:7      | Reached skill level 6 in Armour
  5355 | D:7      | Noticed a hornet
  5361 | D:7      | Killed a hornet
  5364 | D:7      | Reached skill level 10 in Axes
  5935 | D:7      | Reached XP level 10. HP: 61/64 MP: 10/10
  5980 | D:7      | Reached * piety under Okawaru
  5993 | D:7      | Reached skill level 1 in Invocations
  6323 | D:7      | 6323 ||| READING scroll labelled XYONAO NE VEAVEC.
  6424 | D:7      | 6424 ||| DRINKING 2 fizzy coppery potions.
  6425 | D:7      | 6425 ||| READING 2 scrolls of identify.
  6425 | D:7      | 6425 ||| IDENTIFYING ruby potion
  6522 | D:8      | 6522 ||| INVOKING Heroism.
  6540 | D:8      | Reached skill level 3 in Invocations
  6664 | D:8      | 6664 ||| Stepping ~*~*~tactically~*~*~ (hiding).
  6665 | D:8      | 6665 ||| Stepping ~*~*~tactically~*~*~ (hiding).
  6691 | D:8      | 6691 ||| Stepping ~*~*~tactically~*~*~ (stealth).
  6696 | D:8      | 6696 ||| Stepping ~*~*~tactically~*~*~ (stealth).
  6886 | D:8      | 6886 ||| Stepping ~*~*~tactically~*~*~ (hiding).
  6887 | D:8      | 6887 ||| Stepping ~*~*~tactically~*~*~ (hiding).
  6900 | D:8      | Reached ** piety under Okawaru
  6907 | D:8      | 6907 ||| Stepping ~*~*~tactically~*~*~ (hiding).
  6922 | D:8      | 6922 ||| Stepping ~*~*~tactically~*~*~ (stealth).
  6931 | D:8      | Found a flagged portal.
  7037 | D:8      | 7037 ||| Stepping ~*~*~tactically~*~*~ (stealth).
  7085 | D:8      | 7085 ||| DROPPING +0 flail.
  7223 | D:8      | 7223 ||| DROPPING amulet of magic regeneration.
  7224 | D:8      | 7224 ||| DRINKING 2 viscous cyan potions.
  7342 | D:9      | 7342 ||| INVOKING Heroism.
  7348 | D:9      | Reached skill level 11 in Axes
  7460 | D:9      | 7460 ||| INVOKING Heroism.
  7484 | D:9      | Reached skill level 9 in Fighting
  7565 | D:9      | Noticed a kobold demonologist
  7570 | D:9      | Noticed a rust devil
  7573 | D:9      | Noticed a rust devil
  7577 | D:9      | 7577 ||| DRINKING potion of cancellation.
  7578 | D:9      | 7578 ||| INVOKING Heroism.
  7581 | D:9      | 7581 ||| READING scroll of teleportation.
  7581 | D:9      | Killed a kobold demonologist
  7590 | D:9      | HP: 12/66 [something (8)]
  7591 | D:9      | 7591 ||| DRINKING 5 potions of heal wounds.
  7593 | D:9      | Reached XP level 11. HP: 22/71 MP: 12/14
  7595 | D:9      | HP: 17/71 [something (3)]
  7596 | D:9      | 7596 ||| DRINKING 4 potions of heal wounds.
  7600 | D:9      | HP: 13/71 [wraith (6)]
  7600 | D:9      | HP: 2/71 [something (11)]
  7601 | D:9      | 7601 ||| DRINKING 3 potions of heal wounds.
  7602 | D:9      | 7602 ||| DRINKING 2 potions of heal wounds.
  7605 | D:9      | 7605 ||| DRINKING potion of heal wounds.
  7605 | D:9      | HP: 14/71 [wraith (9)]
  7605 | D:9      | HP: 6/71 [something (2)]
  7606 | D:9      | Slain by a wraith

Levels and vault maps discovered:
D:1:      minmay_arrival_loop, layout_basic, serial_shops,
          nicolae_shop_back_alley_shop
D:2:      layout_loops_corners, nicolae_concentric_dashed_squares_wild,
          kennysheep_generic_room_14
D:3:      gammafunk_steamed_eel, layout_rooms, gammafunk_temple_overflow_pools,
          uniq_grinder, uniq_crazy_yiuf_cottage, uniq_robin, uniq_jessica
D:4:      layout_basic, gammafunk_temple_overflow_forgotten,
          mainiacjoe_overflow_large_starburst, kennysheep_generic_room_7,
          uniq_pargi
D:5:      layout_cave_pools, serial_gnoll_camp, gnoll_camp_mini_basic,
          gnoll_camp_mini_house, gnoll_camp_mini_shop, gnoll_camp_mini_basic,
          serial_shops, kennysheep_mini, hangedman_decor_slide_cut, uniq_pikel,
          uniq_sigmund
D:6:      layout_loops_ring, minmay_temple_entry_large_hall
D:7:      layout_loops_corners, dk_vineyard_3
D:8:      layout_rooms, enter_bailey_3, kennysheep_potato
D:9:      minmay_bubble_buster, layout_loops_ring, lair_entry_dummy,
          hellmonk_guarded_unrand_cigotuvi
Temple:   minmay_freezing_vapour_temple

Skill      XL: |  1  2  3  4  5  6  7  8  9 10 |
---------------+-------------------------------+-----
Axes           | 2 3 4 5 6 7 9 10 11 | 11.0
Fighting       | 4 5 6 8 9 |  9.0
Dodging        | 1 |  1.0
Armour         | 4 6 7 |  7.9
Shields        | 4 5 |  5.0
Invocations    | 4 |  4.0

Action                     |  1- 3 |  4- 6 |  7- 9 | 10-12 || total
---------------------------+-------+-------+-------+-------++-------
  Melee: War axe           |   105 |   137 |   298 |   243 ||   783
  Throw: Boomerang         |    25 |       |       |       ||    25
 Invoke: Heroism           |       |       |       |     4 ||     4
    Use: Scroll            |     6 |     5 |     7 |     3 ||    21
         Potion            |       |     1 |     1 |     8 ||    10
 Armour: Scale mail        |    69 |    66 |    21 |       ||   156
         Chain mail        |       |       |    80 |       ||    80
         Plate armour      |       |       |    50 |   114 ||   164
  Dodge: Dodged            |    49 |    44 |    93 |    63 ||   249
  Block: Buckler           |    23 |    47 |   142 |   117 ||   329
         Reflection        |       |     1 |     3 |       ||     4

Table legend:
 A = Non-vault XP
 B = Vault XP
 C = Vault XP percentage of total XP
 D = Non-vault monster count
 E = Vault monster count
 F = Vault count percentage of total count
                 A         B        C        D         E       F
            +---------+---------+-------+---------+---------+-------
      Total |    6039 |    3209 |  34.7 |     181 |      51 |  22.0
            +---------+---------+-------+---------+---------+-------
        D:1 |      59 |       0 |   0.0 |      28 |       0 |   0.0
        D:2 |      40 |       0 |   0.0 |      20 |       0 |   0.0
        D:3 |     132 |     314 |  70.4 |      21 |      14 |  40.0
        D:4 |     186 |     165 |  47.0 |      13 |       5 |  27.8
        D:5 |     541 |    1534 |  73.9 |      12 |      19 |  61.3
        D:6 |     686 |       0 |   0.0 |      20 |       0 |   0.0
        D:7 |    1746 |       0 |   0.0 |      22 |       0 |   0.0
        D:8 |    1682 |     341 |  16.9 |      36 |       7 |  16.3
        D:9 |     967 |     855 |  46.9 |       9 |       6 |  40.0
            +---------+---------+-------+---------+---------+-------
